 Dungeon Crawl Stone Soup version 0.31-a0-175-g9f7f995f2b (webtiles) character file.

Game seed: 13259163412465901755

255 qw the Chopper (level 6, 38/38 HPs)
             Began as a Gargoyle Fighter on June 17, 2023.
             Quit the game on level 2 of the Dungeon.
             The game lasted 00:19:02 (3740 turns).

qw the Chopper (Gargoyle Fighter)                   Turns: 3740, Time: 00:19:02

Health: 38/38      AC: 19    Str: 22    XL:     6   Next: 15%
Magic:  6/6        EV:  6    Int:  8    God:
Gold:   89         SH:  4    Dex:  9    Spells: 5/5 levels left

rFire   . . .        Y - +0 war axe
rCold   . . .        c - +0 buckler
rNeg    + . .        l - +0 plate armour
rPois   inf          (no helmet)
rElec   +            b - +2 cloak
rCorr   .            (no gloves)
SInv    .            (no boots)
Will    .....        (no amulet) Stlth
                     (no ring)
HPRegen 0.26/turn    (no ring)
MPRegen 0.10/turn

%: no passive effects
@: no status effects
A: sickness immunity, AC +4, negative energy resistance 1, electricity
resistance, torment resistance 1, petrification resistance
a: no special abilities


You were on level 2 of the Dungeon.
You visited 1 branch of the dungeon, and saw 2 of its levels.

You collected 89 gold pieces.


Innate Abilities, Weirdness & Mutations

You are immune to sickness and miasma.
Your stone body is resilient. (AC +4)
You are immune to poison.
You resist negative energy. (rN+)
You are resistant to electric shocks. (rElec)
You are resistant to unholy torment.
You are immune to petrification.


   Skills:
 - Level 4.0 Fighting
 + Level 5.3 Axes
 - Level 3.2 Armour
 - Level 0.3 Dodging
 - Level 3.2 Shields


You had 5 spell levels left.
You didn't know any spells.
Your spell library was empty.

Inventory:

Hand Weapons
 a - a +0 hammer
 Y - a +0 war axe (weapon)
Missiles
 h - 4 boomerangs (quivered)
Armour
 b - a +2 cloak (worn)
 c - a +0 buckler (worn)
 l - a +0 plate armour (worn)
Scrolls
 e - a scroll of identify
Potions
 d - a potion of might
 f - a potion of curing
 j - a potion of berserk rage {unknown}
 k - a potion of lignification {unknown}

Dungeon Overview and Level Annotations

Branches:
Dungeon (2/15)

Altars:

Annotations:
D:2 1 runed translucent door


Message History

Enter note:
Enter note:
Enter note:
Enter note:
Enter note:
Enter note:
Enter note:
Enter note:
Enter note:
Enter note:
Enter note:
Enter note:
Enter note:
Enter note:
Enter note:
Enter note:
Enter note:
Enter note:
Enter note:
Enter note:
Enter note:
Enter note:
Enter note:
Enter note:
Enter note:
Enter note:
Enter note:
Enter note:
Enter note:
Enter note:
Enter note:
Enter note:
Enter note:
Enter note:
Enter note:
Enter note:
Enter note:
Enter note:
3739 ||| Stepping randomly (stuck).
Are you sure you want to abandon this character and quit the game? (Confirm with "yes".)

#'#######.............'..####'##.
....# #.............###........
....# ############### #........
....# #.......# ....# #.......#
....###### ##### #.......#
........P## ###..)# #.......#
........P.####J+.!.# ####.......#
#####....P.#..##@..# #'.'.......#
........P.#.######## ####.......#
..########### #..........#
......# #..........#
...###################....#......
#......#.#.#.......[......#......
....##.#.#.#............###......
....##..................# #......
....##.#.#..............# #......


You could see an endoplasm.

Vanquished Creatures
  3 jellies (D:2)
  Crazy Yiuf (D:2)
  3 gnolls (D:2)
  4 adders (D:2)
  A worm (D:2)
  2 dart slugs (D:2)
  4 ball pythons
  3 bats
  15 endoplasms
  A giant cockroach (D:2)
  7 goblins
  4 hobgoblins (D:2)
  3 frilled lizards
  11 kobolds
  8 rats
70 creatures vanquished.

Notes
Turn   | Place    | Note
-------+----------+-------------------------------------------
     0 | D:1      | qw the Gargoyle Fighter began the quest for the Orb.
     0 | D:1      | Reached XP level 1. HP: 14/14 MP: 1/1
     0 | D:1      | 0 ||| qw: Version: 0.3-a-2-g5ab2908
     0 | D:1      | 0 ||| qw: Game counter: 235
     0 | D:1      | 0 ||| qw: Always use a shield: true
     0 | D:1      | 0 ||| qw: God list: Okawaru
     0 | D:1      | 0 ||| qw: Allow faded altars: false
     0 | D:1      | 0 ||| qw: Do Orc after D:15 true
     0 | D:1      | 0 ||| qw: Do second Lair branch before Depths: true
     0 | D:1      | 0 ||| qw: Lair rune preference: random
     0 | D:1      | 0 ||| qw: Plans: Normal, Zot:1-4, Slime:5, God:TSO, Crypt,
                  | Tomb, Abyss, Pan, Hells, Win
     0 | D:1      | 0 ||| PLANNING D:1-11
    35 | D:1      | Reached skill level 2 in Axes
   115 | D:1      | Reached XP level 2. HP: 19/19 MP: 2/2
   139 | D:1      | 139 ||| FLEEEEING.
   140 | D:1      | 140 ||| FLEEEEING.
   141 | D:1      | 141 ||| FLEEEEING.
   142 | D:1      | 142 ||| FLEEEEING.
   143 | D:1      | 143 ||| FLEEEEING.
   144 | D:1      | 144 ||| FLEEEEING.
   249 | D:1      | 249 ||| Stepping ~*~*~tactically~*~*~ (stealth).
   406 | D:1      | Found a faded altar of an unknown god.
   516 | D:1      | 516 ||| Stepping ~*~*~tactically~*~*~ (stealth).
   657 | D:1      | 657 ||| READING scroll labelled YTIUHIDISEGH.
   721 | D:2      | Reached skill level 3 in Axes
   740 | D:2      | Reached XP level 3. HP: 23/23 MP: 3/3
   892 | D:2      | Reached XP level 4. HP: 28/28 MP: 4/4
   954 | D:2      | 954 ||| Stepping ~*~*~tactically~*~*~ (stealth).
  1150 | D:2      | Reached skill level 4 in Axes
  1152 | D:2      | HP: 7/28 [kobold/+0 dagger (2)]
  1159 | D:2      | HP: 3/28 [gnoll/+0 spear (1)]
  1164 | D:2      | HP: 4/28 [gnoll/+0 spear (1)]
  1173 | D:2      | HP: 5/28 [bat (1)]
  1181 | D:2      | HP: 5/28 [bat (1)]
  1278 | D:2      | 1278 ||| DROPPING +0 club.
  1294 | D:2      | 1294 ||| Stepping ~*~*~tactically~*~*~ (hiding).
  1316 | D:2      | Reached XP level 5. HP: 26/32 MP: 5/5
  1319 | D:2      | 1319 ||| FLEEEEING.
  1320 | D:2      | 1320 ||| FLEEEEING.
  1321 | D:2      | 1321 ||| FLEEEEING.
  1322 | D:2      | 1322 ||| FLEEEEING.
  1323 | D:2      | 1323 ||| FLEEEEING.
  1331 | D:2      | Reached skill level 5 in Axes
  1377 | D:2      | HP: 2/32 [acid (11)]
  1636 | D:2      | Found a runed translucent door.
  1637 | D:2      | Noticed Crazy Yiuf
  1707 | D:2      | 1707 ||| Stepping ~*~*~tactically~*~*~ (stealth).
  1710 | D:2      | 1710 ||| Stepping ~*~*~tactically~*~*~ (hiding).
  1715 | D:2      | 1715 ||| Stepping ~*~*~tactically~*~*~ (hiding).
  1721 | D:2      | Reached XP level 6. HP: 38/38 MP: 6/6
  1973 | D:2      | 1973 ||| UPGRADING to +0 plate armour.
  1983 | D:2      | 1983 ||| DROPPING +0 scale mail.
  1984 | D:2      | 1984 ||| READING scroll labelled YHONUB TOGIODD.
  1994 | D:2      | HP: 9/38 [Crazy Yiuf/+3 quarterstaff of chaos (7)]
  1996 | D:2      | Killed Crazy Yiuf
  2107 | D:2      | 2107 ||| DROPPING +0 whip.
  2110 | D:2      | 2110 ||| UPGRADING to +2 cloak.
  2115 | D:2      | 2115 ||| READING 3 scrolls labelled SATISUCVUWAT.
  2116 | D:2      | 2116 ||| DRINKING 2 inky potions.
  2117 | D:2      | 2117 ||| READING 2 scrolls of identify.
  2117 | D:2      | 2117 ||| IDENTIFYING purple potion
  2118 | D:2      | 2118 ||| DROPPING potion of degeneration.
  2120 | D:2      | 2120 ||| Stepping randomly (stuck).
  2122 | D:2      | 2122 ||| Stepping randomly (stuck).
  2123 | D:2      | 2123 ||| Stepping randomly (stuck).
  2125 | D:2      | 2125 ||| Stepping randomly (stuck).
  2127 | D:2      | 2127 ||| Stepping randomly (stuck).
  2129 | D:2      | 2129 ||| Stepping randomly (stuck).
  2131 | D:2      | 2131 ||| Stepping randomly (stuck).
  2132 | D:2      | 2132 ||| Stepping randomly (stuck).
  2134 | D:2      | 2134 ||| Stepping randomly (stuck).
  2136 | D:2      | 2136 ||| Stepping randomly (stuck).
  2138 | D:2      | 2138 ||| Stepping randomly (stuck).
  2140 | D:2      | 2140 ||| Stepping randomly (stuck).
  2142 | D:2      | 2142 ||| Stepping randomly (stuck).
  2144 | D:2      | 2144 ||| Stepping randomly (stuck).
  2146 | D:2      | 2146 ||| Stepping randomly (stuck).
  2148 | D:2      | 2148 ||| Stepping randomly (stuck).
  2150 | D:2      | 2150 ||| Stepping randomly (stuck).
  2151 | D:2      | 2151 ||| Stepping randomly (stuck).
  2153 | D:2      | 2153 ||| Stepping randomly (stuck).
  2154 | D:2      | 2154 ||| Stepping randomly (stuck).
  2155 | D:2      | 2155 ||| Stepping randomly (stuck).
  2156 | D:2      | 2156 ||| Stepping randomly (stuck).
  2157 | D:2      | 2157 ||| Stepping randomly (stuck).
  2159 | D:2      | 2159 ||| Stepping randomly (stuck).
  2161 | D:2      | 2161 ||| Stepping randomly (stuck).
  2163 | D:2      | 2163 ||| Stepping randomly (stuck).
  2165 | D:2      | 2165 ||| Stepping randomly (stuck).
  2167 | D:2      | 2167 ||| Stepping randomly (stuck).
  2169 | D:2      | 2169 ||| Stepping randomly (stuck).
  2170 | D:2      | 2170 ||| Stepping randomly (stuck).
  2172 | D:2      | 2172 ||| Stepping randomly (stuck).
  2174 | D:2      | 2174 ||| Stepping randomly (stuck).
  2176 | D:2      | 2176 ||| Stepping randomly (stuck).
  2177 | D:2      | 2177 ||| Stepping randomly (stuck).
  2178 | D:2      | 2178 ||| Stepping randomly (stuck).
  2180 | D:2      | 2180 ||| Stepping randomly (stuck).
  2182 | D:2      | 2182 ||| Stepping randomly (stuck).
  2184 | D:2      | 2184 ||| Stepping randomly (stuck).
  2186 | D:2      | 2186 ||| Stepping randomly (stuck).
  2188 | D:2      | 2188 ||| Stepping randomly (stuck).
  2189 | D:2      | 2189 ||| Stepping randomly (stuck).
  2191 | D:2      | 2191 ||| Stepping randomly (stuck).
  2193 | D:2      | 2193 ||| Stepping randomly (stuck).
  2194 | D:2      | 2194 ||| Stepping randomly (stuck).
  2196 | D:2      | 2196 ||| Stepping randomly (stuck).
  2197 | D:2      | 2197 ||| Stepping randomly (stuck).
  2199 | D:2      | 2199 ||| Stepping randomly (stuck).
  2200 | D:2      | 2200 ||| Stepping randomly (stuck).
  2202 | D:2      | 2202 ||| Stepping randomly (stuck).
  2203 | D:2      | 2203 ||| Stepping randomly (stuck).
  2205 | D:2      | 2205 ||| Stepping randomly (stuck).
  2207 | D:2      | 2207 ||| Stepping randomly (stuck).
  2209 | D:2      | 2209 ||| Stepping randomly (stuck).
  2210 | D:2      | 2210 ||| Stepping randomly (stuck).
  2212 | D:2      | 2212 ||| Stepping randomly (stuck).
  2214 | D:2      | 2214 ||| Stepping randomly (stuck).
  2215 | D:2      | 2215 ||| Stepping randomly (stuck).
  2216 | D:2      | 2216 ||| Stepping randomly (stuck).
  2217 | D:2      | 2217 ||| Stepping randomly (stuck).
  2219 | D:2      | 2219 ||| Stepping randomly (stuck).
  2221 | D:2      | 2221 ||| Stepping randomly (stuck).
  2223 | D:2      | 2223 ||| Stepping randomly (stuck).
  2225 | D:2      | 2225 ||| Stepping randomly (stuck).
  2227 | D:2      | 2227 ||| Stepping randomly (stuck).
  2229 | D:2      | 2229 ||| Stepping randomly (stuck).
  2230 | D:2      | 2230 ||| Stepping randomly (stuck).
  2232 | D:2      | 2232 ||| Stepping randomly (stuck).
  2234 | D:2      | 2234 ||| Stepping randomly (stuck).
  2235 | D:2      | 2235 ||| Stepping randomly (stuck).
  2236 | D:2      | 2236 ||| Stepping randomly (stuck).
  2238 | D:2      | 2238 ||| Stepping randomly (stuck).
  2240 | D:2      | 2240 ||| Stepping randomly (stuck).
  2242 | D:2      | 2242 ||| Stepping randomly (stuck).
  2244 | D:2      | 2244 ||| Stepping randomly (stuck).
  2246 | D:2      | 2246 ||| Stepping randomly (stuck).
  2247 | D:2      | 2247 ||| Stepping randomly (stuck).
  2249 | D:2      | 2249 ||| Stepping randomly (stuck).
  2250 | D:2      | 2250 ||| Stepping randomly (stuck).
  2252 | D:2      | 2252 ||| Stepping randomly (stuck).
  2254 | D:2      | 2254 ||| Stepping randomly (stuck).
  2256 | D:2      | 2256 ||| Stepping randomly (stuck).
  2258 | D:2      | 2258 ||| Stepping randomly (stuck).
  2260 | D:2      | 2260 ||| Stepping randomly (stuck).
  2262 | D:2      | 2262 ||| Stepping randomly (stuck).
  2264 | D:2      | 2264 ||| Stepping randomly (stuck).
  2265 | D:2      | 2265 ||| Stepping randomly (stuck).
  2266 | D:2      | 2266 ||| Stepping randomly (stuck).
  2267 | D:2      | 2267 ||| Stepping randomly (stuck).
  2268 | D:2      | 2268 ||| Stepping randomly (stuck).
  2270 | D:2      | 2270 ||| Stepping randomly (stuck).
  2271 | D:2      | 2271 ||| Stepping randomly (stuck).
  2272 | D:2      | 2272 ||| Stepping randomly (stuck).
  2274 | D:2      | 2274 ||| Stepping randomly (stuck).
  2276 | D:2      | 2276 ||| Stepping randomly (stuck).
  2278 | D:2      | 2278 ||| Stepping randomly (stuck).
  2279 | D:2      | 2279 ||| Stepping randomly (stuck).
  2281 | D:2      | 2281 ||| Stepping randomly (stuck).
  2283 | D:2      | 2283 ||| Stepping randomly (stuck).
  2285 | D:2      | 2285 ||| Stepping randomly (stuck).
  2287 | D:2      | 2287 ||| Stepping randomly (stuck).
  2288 | D:2      | 2288 ||| Stepping randomly (stuck).
  2290 | D:2      | 2290 ||| Stepping randomly (stuck).
  2292 | D:2      | 2292 ||| Stepping randomly (stuck).
  2294 | D:2      | 2294 ||| Stepping randomly (stuck).
  2296 | D:2      | 2296 ||| Stepping randomly (stuck).
  2298 | D:2      | 2298 ||| Stepping randomly (stuck).
  2299 | D:2      | 2299 ||| Stepping randomly (stuck).
  2301 | D:2      | 2301 ||| Stepping randomly (stuck).
  2302 | D:2      | 2302 ||| Stepping randomly (stuck).
  2303 | D:2      | 2303 ||| Stepping randomly (stuck).
  2305 | D:2      | 2305 ||| Stepping randomly (stuck).
  2307 | D:2      | 2307 ||| Stepping randomly (stuck).
  2309 | D:2      | 2309 ||| Stepping randomly (stuck).
  2310 | D:2      | 2310 ||| Stepping randomly (stuck).
  2312 | D:2      | 2312 ||| Stepping randomly (stuck).
  2313 | D:2      | 2313 ||| Stepping randomly (stuck).
  2314 | D:2      | 2314 ||| Stepping randomly (stuck).
  2315 | D:2      | 2315 ||| Stepping randomly (stuck).
  2316 | D:2      | 2316 ||| Stepping randomly (stuck).
  2317 | D:2      | 2317 ||| Stepping randomly (stuck).
  2318 | D:2      | 2318 ||| Stepping randomly (stuck).
  2319 | D:2      | 2319 ||| Stepping randomly (stuck).
  2320 | D:2      | 2320 ||| Stepping randomly (stuck).
  2321 | D:2      | 2321 ||| Stepping randomly (stuck).
  2323 | D:2      | 2323 ||| Stepping randomly (stuck).
  2324 | D:2      | 2324 ||| Stepping randomly (stuck).
  2326 | D:2      | 2326 ||| Stepping randomly (stuck).
  2327 | D:2      | 2327 ||| Stepping randomly (stuck).
  2329 | D:2      | 2329 ||| Stepping randomly (stuck).
  2330 | D:2      | 2330 ||| Stepping randomly (stuck).
  2332 | D:2      | 2332 ||| Stepping randomly (stuck).
  2333 | D:2      | 2333 ||| Stepping randomly (stuck).
  2334 | D:2      | 2334 ||| Stepping randomly (stuck).
  2336 | D:2      | 2336 ||| Stepping randomly (stuck).
  2338 | D:2      | 2338 ||| Stepping randomly (stuck).
  2340 | D:2      | 2340 ||| Stepping randomly (stuck).
  2342 | D:2      | 2342 ||| Stepping randomly (stuck).
  2343 | D:2      | 2343 ||| Stepping randomly (stuck).
  2344 | D:2      | 2344 ||| Stepping randomly (stuck).
  2345 | D:2      | 2345 ||| Stepping randomly (stuck).
  2347 | D:2      | 2347 ||| Stepping randomly (stuck).
  2349 | D:2      | 2349 ||| Stepping randomly (stuck).
  2351 | D:2      | 2351 ||| Stepping randomly (stuck).
  2353 | D:2      | 2353 ||| Stepping randomly (stuck).
  2355 | D:2      | 2355 ||| Stepping randomly (stuck).
  2357 | D:2      | 2357 ||| Stepping randomly (stuck).
  2358 | D:2      | 2358 ||| Stepping randomly (stuck).
  2359 | D:2      | 2359 ||| Stepping randomly (stuck).
  2361 | D:2      | 2361 ||| Stepping randomly (stuck).
  2363 | D:2      | 2363 ||| Stepping randomly (stuck).
  2365 | D:2      | 2365 ||| Stepping randomly (stuck).
  2366 | D:2      | 2366 ||| Stepping randomly (stuck).
  2368 | D:2      | 2368 ||| Stepping randomly (stuck).
  2370 | D:2      | 2370 ||| Stepping randomly (stuck).
  2372 | D:2      | 2372 ||| Stepping randomly (stuck).
  2373 | D:2      | 2373 ||| Stepping randomly (stuck).
  2375 | D:2      | 2375 ||| Stepping randomly (stuck).
  2377 | D:2      | 2377 ||| Stepping randomly (stuck).
  2379 | D:2      | 2379 ||| Stepping randomly (stuck).
  2381 | D:2      | 2381 ||| Stepping randomly (stuck).
  2382 | D:2      | 2382 ||| Stepping randomly (stuck).
  2384 | D:2      | 2384 ||| Stepping randomly (stuck).
  2386 | D:2      | 2386 ||| Stepping randomly (stuck).
  2388 | D:2      | 2388 ||| Stepping randomly (stuck).
  2390 | D:2      | 2390 ||| Stepping randomly (stuck).
  2392 | D:2      | 2392 ||| Stepping randomly (stuck).
  2394 | D:2      | 2394 ||| Stepping randomly (stuck).
  2396 | D:2      | 2396 ||| Stepping randomly (stuck).
  2398 | D:2      | 2398 ||| Stepping randomly (stuck).
  2400 | D:2      | 2400 ||| Stepping randomly (stuck).
  2401 | D:2      | 2401 ||| Stepping randomly (stuck).
  2403 | D:2      | 2403 ||| Stepping randomly (stuck).
  2405 | D:2      | 2405 ||| Stepping randomly (stuck).
  2407 | D:2      | 2407 ||| Stepping randomly (stuck).
  2408 | D:2      | 2408 ||| Stepping randomly (stuck).
  2410 | D:2      | 2410 ||| Stepping randomly (stuck).
  2412 | D:2      | 2412 ||| Stepping randomly (stuck).
  2413 | D:2      | 2413 ||| Stepping randomly (stuck).
  2415 | D:2      | 2415 ||| Stepping randomly (stuck).
  2416 | D:2      | 2416 ||| Stepping randomly (stuck).
  2417 | D:2      | 2417 ||| Stepping randomly (stuck).
  2418 | D:2      | 2418 ||| Stepping randomly (stuck).
  2419 | D:2      | 2419 ||| Stepping randomly (stuck).
  2421 | D:2      | 2421 ||| Stepping randomly (stuck).
  2423 | D:2      | 2423 ||| Stepping randomly (stuck).
  2424 | D:2      | 2424 ||| Stepping randomly (stuck).
  2426 | D:2      | 2426 ||| Stepping randomly (stuck).
  2427 | D:2      | 2427 ||| Stepping randomly (stuck).
  2429 | D:2      | 2429 ||| Stepping randomly (stuck).
  2431 | D:2      | 2431 ||| Stepping randomly (stuck).
  2433 | D:2      | 2433 ||| Stepping randomly (stuck).
  2434 | D:2      | 2434 ||| Stepping randomly (stuck).
  2435 | D:2      | 2435 ||| Stepping randomly (stuck).
  2437 | D:2      | 2437 ||| Stepping randomly (stuck).
  2439 | D:2      | 2439 ||| Stepping randomly (stuck).
  2440 | D:2      | 2440 ||| Stepping randomly (stuck).
  2442 | D:2      | 2442 ||| Stepping randomly (stuck).
  2444 | D:2      | 2444 ||| Stepping randomly (stuck).
  2446 | D:2      | 2446 ||| Stepping randomly (stuck).
  2448 | D:2      | 2448 ||| Stepping randomly (stuck).
  2450 | D:2      | 2450 ||| Stepping randomly (stuck).
  2451 | D:2      | 2451 ||| Stepping randomly (stuck).
  2453 | D:2      | 2453 ||| Stepping randomly (stuck).
  2455 | D:2      | 2455 ||| Stepping randomly (stuck).
  2456 | D:2      | 2456 ||| Stepping randomly (stuck).
  2458 | D:2      | 2458 ||| Stepping randomly (stuck).
  2460 | D:2      | 2460 ||| Stepping randomly (stuck).
  2462 | D:2      | 2462 ||| Stepping randomly (stuck).
  2464 | D:2      | 2464 ||| Stepping randomly (stuck).
  2466 | D:2      | 2466 ||| Stepping randomly (stuck).
  2468 | D:2      | 2468 ||| Stepping randomly (stuck).
  2470 | D:2      | 2470 ||| Stepping randomly (stuck).
  2471 | D:2      | 2471 ||| Stepping randomly (stuck).
  2473 | D:2      | 2473 ||| Stepping randomly (stuck).
  2474 | D:2      | 2474 ||| Stepping randomly (stuck).
  2476 | D:2      | 2476 ||| Stepping randomly (stuck).
  2477 | D:2      | 2477 ||| Stepping randomly (stuck).
  2479 | D:2      | 2479 ||| Stepping randomly (stuck).
  2480 | D:2      | 2480 ||| Stepping randomly (stuck).
  2481 | D:2      | 2481 ||| Stepping randomly (stuck).
  2483 | D:2      | 2483 ||| Stepping randomly (stuck).
  2484 | D:2      | 2484 ||| Stepping randomly (stuck).
  2485 | D:2      | 2485 ||| Stepping randomly (stuck).
  2487 | D:2      | 2487 ||| Stepping randomly (stuck).
  2489 | D:2      | 2489 ||| Stepping randomly (stuck).
  2491 | D:2      | 2491 ||| Stepping randomly (stuck).
  2493 | D:2      | 2493 ||| Stepping randomly (stuck).
  2495 | D:2      | 2495 ||| Stepping randomly (stuck).
  2497 | D:2      | 2497 ||| Stepping randomly (stuck).
  2499 | D:2      | 2499 ||| Stepping randomly (stuck).
  2500 | D:2      | 2500 ||| Stepping randomly (stuck).
  2502 | D:2      | 2502 ||| Stepping randomly (stuck).
  2504 | D:2      | 2504 ||| Stepping randomly (stuck).
  2505 | D:2      | 2505 ||| Stepping randomly (stuck).
  2507 | D:2      | 2507 ||| Stepping randomly (stuck).
  2509 | D:2      | 2509 ||| Stepping randomly (stuck).
  2511 | D:2      | 2511 ||| Stepping randomly (stuck).
  2513 | D:2      | 2513 ||| Stepping randomly (stuck).
  2515 | D:2      | 2515 ||| Stepping randomly (stuck).
  2517 | D:2      | 2517 ||| Stepping randomly (stuck).
  2518 | D:2      | 2518 ||| Stepping randomly (stuck).
  2519 | D:2      | 2519 ||| Stepping randomly (stuck).
  2521 | D:2      | 2521 ||| Stepping randomly (stuck).
  2523 | D:2      | 2523 ||| Stepping randomly (stuck).
  2525 | D:2      | 2525 ||| Stepping randomly (stuck).
  2526 | D:2      | 2526 ||| Stepping randomly (stuck).
  2528 | D:2      | 2528 ||| Stepping randomly (stuck).
  2529 | D:2      | 2529 ||| Stepping randomly (stuck).
  2531 | D:2      | 2531 ||| Stepping randomly (stuck).
  2532 | D:2      | 2532 ||| Stepping randomly (stuck).
  2534 | D:2      | 2534 ||| Stepping randomly (stuck).
  2535 | D:2      | 2535 ||| Stepping randomly (stuck).
  2537 | D:2      | 2537 ||| Stepping randomly (stuck).
  2539 | D:2      | 2539 ||| Stepping randomly (stuck).
  2541 | D:2      | 2541 ||| Stepping randomly (stuck).
  2542 | D:2      | 2542 ||| Stepping randomly (stuck).
  2544 | D:2      | 2544 ||| Stepping randomly (stuck).
  2546 | D:2      | 2546 ||| Stepping randomly (stuck).
  2548 | D:2      | 2548 ||| Stepping randomly (stuck).
  2550 | D:2      | 2550 ||| Stepping randomly (stuck).
  2551 | D:2      | 2551 ||| Stepping randomly (stuck).
  2553 | D:2      | 2553 ||| Stepping randomly (stuck).
  2555 | D:2      | 2555 ||| Stepping randomly (stuck).
  2556 | D:2      | 2556 ||| Stepping randomly (stuck).
  2558 | D:2      | 2558 ||| Stepping randomly (stuck).
  2559 | D:2      | 2559 ||| Stepping randomly (stuck).
  2560 | D:2      | 2560 ||| Stepping randomly (stuck).
  2561 | D:2      | 2561 ||| Stepping randomly (stuck).
  2563 | D:2      | 2563 ||| Stepping randomly (stuck).
  2565 | D:2      | 2565 ||| Stepping randomly (stuck).
  2566 | D:2      | 2566 ||| Stepping randomly (stuck).
  2568 | D:2      | 2568 ||| Stepping randomly (stuck).
  2570 | D:2      | 2570 ||| Stepping randomly (stuck).
  2572 | D:2      | 2572 ||| Stepping randomly (stuck).
  2574 | D:2      | 2574 ||| Stepping randomly (stuck).
  2576 | D:2      | 2576 ||| Stepping randomly (stuck).
  2578 | D:2      | 2578 ||| Stepping randomly (stuck).
  2579 | D:2      | 2579 ||| Stepping randomly (stuck).
  2580 | D:2      | 2580 ||| Stepping randomly (stuck).
  2582 | D:2      | 2582 ||| Stepping randomly (stuck).
  2583 | D:2      | 2583 ||| Stepping randomly (stuck).
  2584 | D:2      | 2584 ||| Stepping randomly (stuck).
  2586 | D:2      | 2586 ||| Stepping randomly (stuck).
  2588 | D:2      | 2588 ||| Stepping randomly (stuck).
  2590 | D:2      | 2590 ||| Stepping randomly (stuck).
  2592 | D:2      | 2592 ||| Stepping randomly (stuck).
  2594 | D:2      | 2594 ||| Stepping randomly (stuck).
  2596 | D:2      | 2596 ||| Stepping randomly (stuck).
  2598 | D:2      | 2598 ||| Stepping randomly (stuck).
  2600 | D:2      | 2600 ||| Stepping randomly (stuck).
  2601 | D:2      | 2601 ||| Stepping randomly (stuck).
  2603 | D:2      | 2603 ||| Stepping randomly (stuck).
  2604 | D:2      | 2604 ||| Stepping randomly (stuck).
  2606 | D:2      | 2606 ||| Stepping randomly (stuck).
  2608 | D:2      | 2608 ||| Stepping randomly (stuck).
  2609 | D:2      | 2609 ||| Stepping randomly (stuck).
  2611 | D:2      | 2611 ||| Stepping randomly (stuck).
  2612 | D:2      | 2612 ||| Stepping randomly (stuck).
  2614 | D:2      | 2614 ||| Stepping randomly (stuck).
  2615 | D:2      | 2615 ||| Stepping randomly (stuck).
  2616 | D:2      | 2616 ||| Stepping randomly (stuck).
  2618 | D:2      | 2618 ||| Stepping randomly (stuck).
  2620 | D:2      | 2620 ||| Stepping randomly (stuck).
  2622 | D:2      | 2622 ||| Stepping randomly (stuck).
  2623 | D:2      | 2623 ||| Stepping randomly (stuck).
  2624 | D:2      | 2624 ||| Stepping randomly (stuck).
  2626 | D:2      | 2626 ||| Stepping randomly (stuck).
  2627 | D:2      | 2627 ||| Stepping randomly (stuck).
  2629 | D:2      | 2629 ||| Stepping randomly (stuck).
  2630 | D:2      | 2630 ||| Stepping randomly (stuck).
  2631 | D:2      | 2631 ||| Stepping randomly (stuck).
  2632 | D:2      | 2632 ||| Stepping randomly (stuck).
  2634 | D:2      | 2634 ||| Stepping randomly (stuck).
  2636 | D:2      | 2636 ||| Stepping randomly (stuck).
  2637 | D:2      | 2637 ||| Stepping randomly (stuck).
  2639 | D:2      | 2639 ||| Stepping randomly (stuck).
  2641 | D:2      | 2641 ||| Stepping randomly (stuck).
  2642 | D:2      | 2642 ||| Stepping randomly (stuck).
  2644 | D:2      | 2644 ||| Stepping randomly (stuck).
  2645 | D:2      | 2645 ||| Stepping randomly (stuck).
  2647 | D:2      | 2647 ||| Stepping randomly (stuck).
  2649 | D:2      | 2649 ||| Stepping randomly (stuck).
  2651 | D:2      | 2651 ||| Stepping randomly (stuck).
  2653 | D:2      | 2653 ||| Stepping randomly (stuck).
  2654 | D:2      | 2654 ||| Stepping randomly (stuck).
  2656 | D:2      | 2656 ||| Stepping randomly (stuck).
  2658 | D:2      | 2658 ||| Stepping randomly (stuck).
  2660 | D:2      | 2660 ||| Stepping randomly (stuck).
  2661 | D:2      | 2661 ||| Stepping randomly (stuck).
  2663 | D:2      | 2663 ||| Stepping randomly (stuck).
  2665 | D:2      | 2665 ||| Stepping randomly (stuck).
  2667 | D:2      | 2667 ||| Stepping randomly (stuck).
  2669 | D:2      | 2669 ||| Stepping randomly (stuck).
  2670 | D:2      | 2670 ||| Stepping randomly (stuck).
  2672 | D:2      | 2672 ||| Stepping randomly (stuck).
  2674 | D:2      | 2674 ||| Stepping randomly (stuck).
  2675 | D:2      | 2675 ||| Stepping randomly (stuck).
  2676 | D:2      | 2676 ||| Stepping randomly (stuck).
  2677 | D:2      | 2677 ||| Stepping randomly (stuck).
  2679 | D:2      | 2679 ||| Stepping randomly (stuck).
  2681 | D:2      | 2681 ||| Stepping randomly (stuck).
  2683 | D:2      | 2683 ||| Stepping randomly (stuck).
  2684 | D:2      | 2684 ||| Stepping randomly (stuck).
  2686 | D:2      | 2686 ||| Stepping randomly (stuck).
  2688 | D:2      | 2688 ||| Stepping randomly (stuck).
  2690 | D:2      | 2690 ||| Stepping randomly (stuck).
  2692 | D:2      | 2692 ||| Stepping randomly (stuck).
  2693 | D:2      | 2693 ||| Stepping randomly (stuck).
  2695 | D:2      | 2695 ||| Stepping randomly (stuck).
  2696 | D:2      | 2696 ||| Stepping randomly (stuck).
  2698 | D:2      | 2698 ||| Stepping randomly (stuck).
  2699 | D:2      | 2699 ||| Stepping randomly (stuck).
  2701 | D:2      | 2701 ||| Stepping randomly (stuck).
  2703 | D:2      | 2703 ||| Stepping randomly (stuck).
  2705 | D:2      | 2705 ||| Stepping randomly (stuck).
  2707 | D:2      | 2707 ||| Stepping randomly (stuck).
  2708 | D:2      | 2708 ||| Stepping randomly (stuck).
  2710 | D:2      | 2710 ||| Stepping randomly (stuck).
  2712 | D:2      | 2712 ||| Stepping randomly (stuck).
  2714 | D:2      | 2714 ||| Stepping randomly (stuck).
  2716 | D:2      | 2716 ||| Stepping randomly (stuck).
  2717 | D:2      | 2717 ||| Stepping randomly (stuck).
  2719 | D:2      | 2719 ||| Stepping randomly (stuck).
  2721 | D:2      | 2721 ||| Stepping randomly (stuck).
  2723 | D:2      | 2723 ||| Stepping randomly (stuck).
  2725 | D:2      | 2725 ||| Stepping randomly (stuck).
  2726 | D:2      | 2726 ||| Stepping randomly (stuck).
  2728 | D:2      | 2728 ||| Stepping randomly (stuck).
  2729 | D:2      | 2729 ||| Stepping randomly (stuck).
  2731 | D:2      | 2731 ||| Stepping randomly (stuck).
  2733 | D:2      | 2733 ||| Stepping randomly (stuck).
  2734 | D:2      | 2734 ||| Stepping randomly (stuck).
  2736 | D:2      | 2736 ||| Stepping randomly (stuck).
  2738 | D:2      | 2738 ||| Stepping randomly (stuck).
  2739 | D:2      | 2739 ||| Stepping randomly (stuck).
  2741 | D:2      | 2741 ||| Stepping randomly (stuck).
  2742 | D:2      | 2742 ||| Stepping randomly (stuck).
  2744 | D:2      | 2744 ||| Stepping randomly (stuck).
  2745 | D:2      | 2745 ||| Stepping randomly (stuck).
  2746 | D:2      | 2746 ||| Stepping randomly (stuck).
  2748 | D:2      | 2748 ||| Stepping randomly (stuck).
  2749 | D:2      | 2749 ||| Stepping randomly (stuck).
  2751 | D:2      | 2751 ||| Stepping randomly (stuck).
  2752 | D:2      | 2752 ||| Stepping randomly (stuck).
  2754 | D:2      | 2754 ||| Stepping randomly (stuck).
  2756 | D:2      | 2756 ||| Stepping randomly (stuck).
  2757 | D:2      | 2757 ||| Stepping randomly (stuck).
  2758 | D:2      | 2758 ||| Stepping randomly (stuck).
  2760 | D:2      | 2760 ||| Stepping randomly (stuck).
  2761 | D:2      | 2761 ||| Stepping randomly (stuck).
  2762 | D:2      | 2762 ||| Stepping randomly (stuck).
  2763 | D:2      | 2763 ||| Stepping randomly (stuck).
  2765 | D:2      | 2765 ||| Stepping randomly (stuck).
  2767 | D:2      | 2767 ||| Stepping randomly (stuck).
  2769 | D:2      | 2769 ||| Stepping randomly (stuck).
  2771 | D:2      | 2771 ||| Stepping randomly (stuck).
  2773 | D:2      | 2773 ||| Stepping randomly (stuck).
  2775 | D:2      | 2775 ||| Stepping randomly (stuck).
  2776 | D:2      | 2776 ||| Stepping randomly (stuck).
  2777 | D:2      | 2777 ||| Stepping randomly (stuck).
  2779 | D:2      | 2779 ||| Stepping randomly (stuck).
  2780 | D:2      | 2780 ||| Stepping randomly (stuck).
  2782 | D:2      | 2782 ||| Stepping randomly (stuck).
  2783 | D:2      | 2783 ||| Stepping randomly (stuck).
  2784 | D:2      | 2784 ||| Stepping randomly (stuck).
  2786 | D:2      | 2786 ||| Stepping randomly (stuck).
  2788 | D:2      | 2788 ||| Stepping randomly (stuck).
  2789 | D:2      | 2789 ||| Stepping randomly (stuck).
  2790 | D:2      | 2790 ||| Stepping randomly (stuck).
  2791 | D:2      | 2791 ||| Stepping randomly (stuck).
  2792 | D:2      | 2792 ||| Stepping randomly (stuck).
  2794 | D:2      | 2794 ||| Stepping randomly (stuck).
  2795 | D:2      | 2795 ||| Stepping randomly (stuck).
  2797 | D:2      | 2797 ||| Stepping randomly (stuck).
  2799 | D:2      | 2799 ||| Stepping randomly (stuck).
  2801 | D:2      | 2801 ||| Stepping randomly (stuck).
  2802 | D:2      | 2802 ||| Stepping randomly (stuck).
  2804 | D:2      | 2804 ||| Stepping randomly (stuck).
  2805 | D:2      | 2805 ||| Stepping randomly (stuck).
  2807 | D:2      | 2807 ||| Stepping randomly (stuck).
  2809 | D:2      | 2809 ||| Stepping randomly (stuck).
  2810 | D:2      | 2810 ||| Stepping randomly (stuck).
  2811 | D:2      | 2811 ||| Stepping randomly (stuck).
  2813 | D:2      | 2813 ||| Stepping randomly (stuck).
  2815 | D:2      | 2815 ||| Stepping randomly (stuck).
  2816 | D:2      | 2816 ||| Stepping randomly (stuck).
  2818 | D:2      | 2818 ||| Stepping randomly (stuck).
  2819 | D:2      | 2819 ||| Stepping randomly (stuck).
  2821 | D:2      | 2821 ||| Stepping randomly (stuck).
  2822 | D:2      | 2822 ||| Stepping randomly (stuck).
  2824 | D:2      | 2824 ||| Stepping randomly (stuck).
  2825 | D:2      | 2825 ||| Stepping randomly (stuck).
  2827 | D:2      | 2827 ||| Stepping randomly (stuck).
  2829 | D:2      | 2829 ||| Stepping randomly (stuck).
  2830 | D:2      | 2830 ||| Stepping randomly (stuck).
  2832 | D:2      | 2832 ||| Stepping randomly (stuck).
  2834 | D:2      | 2834 ||| Stepping randomly (stuck).
  2836 | D:2      | 2836 ||| Stepping randomly (stuck).
  2838 | D:2      | 2838 ||| Stepping randomly (stuck).
  2839 | D:2      | 2839 ||| Stepping randomly (stuck).
  2841 | D:2      | 2841 ||| Stepping randomly (stuck).
  2843 | D:2      | 2843 ||| Stepping randomly (stuck).
  2845 | D:2      | 2845 ||| Stepping randomly (stuck).
  2846 | D:2      | 2846 ||| Stepping randomly (stuck).
  2848 | D:2      | 2848 ||| Stepping randomly (stuck).
  2850 | D:2      | 2850 ||| Stepping randomly (stuck).
  2852 | D:2      | 2852 ||| Stepping randomly (stuck).
  2853 | D:2      | 2853 ||| Stepping randomly (stuck).
  2855 | D:2      | 2855 ||| Stepping randomly (stuck).
  2857 | D:2      | 2857 ||| Stepping randomly (stuck).
  2858 | D:2      | 2858 ||| Stepping randomly (stuck).
  2860 | D:2      | 2860 ||| Stepping randomly (stuck).
  2862 | D:2      | 2862 ||| Stepping randomly (stuck).
  2864 | D:2      | 2864 ||| Stepping randomly (stuck).
  2865 | D:2      | 2865 ||| Stepping randomly (stuck).
  2867 | D:2      | 2867 ||| Stepping randomly (stuck).
  2868 | D:2      | 2868 ||| Stepping randomly (stuck).
  2870 | D:2      | 2870 ||| Stepping randomly (stuck).
  2872 | D:2      | 2872 ||| Stepping randomly (stuck).
  2873 | D:2      | 2873 ||| Stepping randomly (stuck).
  2875 | D:2      | 2875 ||| Stepping randomly (stuck).
  2877 | D:2      | 2877 ||| Stepping randomly (stuck).
  2879 | D:2      | 2879 ||| Stepping randomly (stuck).
  2881 | D:2      | 2881 ||| Stepping randomly (stuck).
  2883 | D:2      | 2883 ||| Stepping randomly (stuck).
  2884 | D:2      | 2884 ||| Stepping randomly (stuck).
  2886 | D:2      | 2886 ||| Stepping randomly (stuck).
  2888 | D:2      | 2888 ||| Stepping randomly (stuck).
  2890 | D:2      | 2890 ||| Stepping randomly (stuck).
  2892 | D:2      | 2892 ||| Stepping randomly (stuck).
  2894 | D:2      | 2894 ||| Stepping randomly (stuck).
  2895 | D:2      | 2895 ||| Stepping randomly (stuck).
  2897 | D:2      | 2897 ||| Stepping randomly (stuck).
  2898 | D:2      | 2898 ||| Stepping randomly (stuck).
  2899 | D:2      | 2899 ||| Stepping randomly (stuck).
  2901 | D:2      | 2901 ||| Stepping randomly (stuck).
  2903 | D:2      | 2903 ||| Stepping randomly (stuck).
  2905 | D:2      | 2905 ||| Stepping randomly (stuck).
  2907 | D:2      | 2907 ||| Stepping randomly (stuck).
  2908 | D:2      | 2908 ||| Stepping randomly (stuck).
  2910 | D:2      | 2910 ||| Stepping randomly (stuck).
  2912 | D:2      | 2912 ||| Stepping randomly (stuck).
  2914 | D:2      | 2914 ||| Stepping randomly (stuck).
  2915 | D:2      | 2915 ||| Stepping randomly (stuck).
  2917 | D:2      | 2917 ||| Stepping randomly (stuck).
  2919 | D:2      | 2919 ||| Stepping randomly (stuck).
  2921 | D:2      | 2921 ||| Stepping randomly (stuck).
  2923 | D:2      | 2923 ||| Stepping randomly (stuck).
  2924 | D:2      | 2924 ||| Stepping randomly (stuck).
  2925 | D:2      | 2925 ||| Stepping randomly (stuck).
  2927 | D:2      | 2927 ||| Stepping randomly (stuck).
  2929 | D:2      | 2929 ||| Stepping randomly (stuck).
  2930 | D:2      | 2930 ||| Stepping randomly (stuck).
  2932 | D:2      | 2932 ||| Stepping randomly (stuck).
  2934 | D:2      | 2934 ||| Stepping randomly (stuck).
  2936 | D:2      | 2936 ||| Stepping randomly (stuck).
  2938 | D:2      | 2938 ||| Stepping randomly (stuck).
  2940 | D:2      | 2940 ||| Stepping randomly (stuck).
  2941 | D:2      | 2941 ||| Stepping randomly (stuck).
  2942 | D:2      | 2942 ||| Stepping randomly (stuck).
  2943 | D:2      | 2943 ||| Stepping randomly (stuck).
  2945 | D:2      | 2945 ||| Stepping randomly (stuck).
  2947 | D:2      | 2947 ||| Stepping randomly (stuck).
  2948 | D:2      | 2948 ||| Stepping randomly (stuck).
  2949 | D:2      | 2949 ||| Stepping randomly (stuck).
  2951 | D:2      | 2951 ||| Stepping randomly (stuck).
  2952 | D:2      | 2952 ||| Stepping randomly (stuck).
  2954 | D:2      | 2954 ||| Stepping randomly (stuck).
  2956 | D:2      | 2956 ||| Stepping randomly (stuck).
  2958 | D:2      | 2958 ||| Stepping randomly (stuck).
  2959 | D:2      | 2959 ||| Stepping randomly (stuck).
  2960 | D:2      | 2960 ||| Stepping randomly (stuck).
  2961 | D:2      | 2961 ||| Stepping randomly (stuck).
  2963 | D:2      | 2963 ||| Stepping randomly (stuck).
  2965 | D:2      | 2965 ||| Stepping randomly (stuck).
  2966 | D:2      | 2966 ||| Stepping randomly (stuck).
  2967 | D:2      | 2967 ||| Stepping randomly (stuck).
  2969 | D:2      | 2969 ||| Stepping randomly (stuck).
  2970 | D:2      | 2970 ||| Stepping randomly (stuck).
  2972 | D:2      | 2972 ||| Stepping randomly (stuck).
  2974 | D:2      | 2974 ||| Stepping randomly (stuck).
  2975 | D:2      | 2975 ||| Stepping randomly (stuck).
  2977 | D:2      | 2977 ||| Stepping randomly (stuck).
  2979 | D:2      | 2979 ||| Stepping randomly (stuck).
  2981 | D:2      | 2981 ||| Stepping randomly (stuck).
  2982 | D:2      | 2982 ||| Stepping randomly (stuck).
  2984 | D:2      | 2984 ||| Stepping randomly (stuck).
  2986 | D:2      | 2986 ||| Stepping randomly (stuck).
  2987 | D:2      | 2987 ||| Stepping randomly (stuck).
  2988 | D:2      | 2988 ||| Stepping randomly (stuck).
  2989 | D:2      | 2989 ||| Stepping randomly (stuck).
  2991 | D:2      | 2991 ||| Stepping randomly (stuck).
  2993 | D:2      | 2993 ||| Stepping randomly (stuck).
  2994 | D:2      | 2994 ||| Stepping randomly (stuck).
  2996 | D:2      | 2996 ||| Stepping randomly (stuck).
  2998 | D:2      | 2998 ||| Stepping randomly (stuck).
  3000 | D:2      | 3000 ||| Stepping randomly (stuck).
  3002 | D:2      | 3002 ||| Stepping randomly (stuck).
  3003 | D:2      | 3003 ||| Stepping randomly (stuck).
  3005 | D:2      | 3005 ||| Stepping randomly (stuck).
  3006 | D:2      | 3006 ||| Stepping randomly (stuck).
  3008 | D:2      | 3008 ||| Stepping randomly (stuck).
  3009 | D:2      | 3009 ||| Stepping randomly (stuck).
  3011 | D:2      | 3011 ||| Stepping randomly (stuck).
  3012 | D:2      | 3012 ||| Stepping randomly (stuck).
  3014 | D:2      | 3014 ||| Stepping randomly (stuck).
  3016 | D:2      | 3016 ||| Stepping randomly (stuck).
  3018 | D:2      | 3018 ||| Stepping randomly (stuck).
  3020 | D:2      | 3020 ||| Stepping randomly (stuck).
  3022 | D:2      | 3022 ||| Stepping randomly (stuck).
  3024 | D:2      | 3024 ||| Stepping randomly (stuck).
  3025 | D:2      | 3025 ||| Stepping randomly (stuck).
  3027 | D:2      | 3027 ||| Stepping randomly (stuck).
  3028 | D:2      | 3028 ||| Stepping randomly (stuck).
  3029 | D:2      | 3029 ||| Stepping randomly (stuck).
  3031 | D:2      | 3031 ||| Stepping randomly (stuck).
  3032 | D:2      | 3032 ||| Stepping randomly (stuck).
  3033 | D:2      | 3033 ||| Stepping randomly (stuck).
  3034 | D:2      | 3034 ||| Stepping randomly (stuck).
  3036 | D:2      | 3036 ||| Stepping randomly (stuck).
  3037 | D:2      | 3037 ||| Stepping randomly (stuck).
  3039 | D:2      | 3039 ||| Stepping randomly (stuck).
  3040 | D:2      | 3040 ||| Stepping randomly (stuck).
  3042 | D:2      | 3042 ||| Stepping randomly (stuck).
  3043 | D:2      | 3043 ||| Stepping randomly (stuck).
  3044 | D:2      | 3044 ||| Stepping randomly (stuck).
  3046 | D:2      | 3046 ||| Stepping randomly (stuck).
  3048 | D:2      | 3048 ||| Stepping randomly (stuck).
  3049 | D:2      | 3049 ||| Stepping randomly (stuck).
  3051 | D:2      | 3051 ||| Stepping randomly (stuck).
  3053 | D:2      | 3053 ||| Stepping randomly (stuck).
  3054 | D:2      | 3054 ||| Stepping randomly (stuck).
  3056 | D:2      | 3056 ||| Stepping randomly (stuck).
  3057 | D:2      | 3057 ||| Stepping randomly (stuck).
  3059 | D:2      | 3059 ||| Stepping randomly (stuck).
  3060 | D:2      | 3060 ||| Stepping randomly (stuck).
  3062 | D:2      | 3062 ||| Stepping randomly (stuck).
  3064 | D:2      | 3064 ||| Stepping randomly (stuck).
  3065 | D:2      | 3065 ||| Stepping randomly (stuck).
  3067 | D:2      | 3067 ||| Stepping randomly (stuck).
  3069 | D:2      | 3069 ||| Stepping randomly (stuck).
  3070 | D:2      | 3070 ||| Stepping randomly (stuck).
  3072 | D:2      | 3072 ||| Stepping randomly (stuck).
  3073 | D:2      | 3073 ||| Stepping randomly (stuck).
  3074 | D:2      | 3074 ||| Stepping randomly (stuck).
  3076 | D:2      | 3076 ||| Stepping randomly (stuck).
  3078 | D:2      | 3078 ||| Stepping randomly (stuck).
  3080 | D:2      | 3080 ||| Stepping randomly (stuck).
  3082 | D:2      | 3082 ||| Stepping randomly (stuck).
  3084 | D:2      | 3084 ||| Stepping randomly (stuck).
  3086 | D:2      | 3086 ||| Stepping randomly (stuck).
  3087 | D:2      | 3087 ||| Stepping randomly (stuck).
  3089 | D:2      | 3089 ||| Stepping randomly (stuck).
  3091 | D:2      | 3091 ||| Stepping randomly (stuck).
  3093 | D:2      | 3093 ||| Stepping randomly (stuck).
  3094 | D:2      | 3094 ||| Stepping randomly (stuck).
  3096 | D:2      | 3096 ||| Stepping randomly (stuck).
  3098 | D:2      | 3098 ||| Stepping randomly (stuck).
  3100 | D:2      | 3100 ||| Stepping randomly (stuck).
  3101 | D:2      | 3101 ||| Stepping randomly (stuck).
  3103 | D:2      | 3103 ||| Stepping randomly (stuck).
  3104 | D:2      | 3104 ||| Stepping randomly (stuck).
  3106 | D:2      | 3106 ||| Stepping randomly (stuck).
  3108 | D:2      | 3108 ||| Stepping randomly (stuck).
  3110 | D:2      | 3110 ||| Stepping randomly (stuck).
  3111 | D:2      | 3111 ||| Stepping randomly (stuck).
  3112 | D:2      | 3112 ||| Stepping randomly (stuck).
  3114 | D:2      | 3114 ||| Stepping randomly (stuck).
  3116 | D:2      | 3116 ||| Stepping randomly (stuck).
  3118 | D:2      | 3118 ||| Stepping randomly (stuck).
  3120 | D:2      | 3120 ||| Stepping randomly (stuck).
  3121 | D:2      | 3121 ||| Stepping randomly (stuck).
  3122 | D:2      | 3122 ||| Stepping randomly (stuck).
  3123 | D:2      | 3123 ||| Stepping randomly (stuck).
  3124 | D:2      | 3124 ||| Stepping randomly (stuck).
  3126 | D:2      | 3126 ||| Stepping randomly (stuck).
  3128 | D:2      | 3128 ||| Stepping randomly (stuck).
  3129 | D:2      | 3129 ||| Stepping randomly (stuck).
  3130 | D:2      | 3130 ||| Stepping randomly (stuck).
  3131 | D:2      | 3131 ||| Stepping randomly (stuck).
  3133 | D:2      | 3133 ||| Stepping randomly (stuck).
  3135 | D:2      | 3135 ||| Stepping randomly (stuck).
  3137 | D:2      | 3137 ||| Stepping randomly (stuck).
  3139 | D:2      | 3139 ||| Stepping randomly (stuck).
  3141 | D:2      | 3141 ||| Stepping randomly (stuck).
  3143 | D:2      | 3143 ||| Stepping randomly (stuck).
  3145 | D:2      | 3145 ||| Stepping randomly (stuck).
  3147 | D:2      | 3147 ||| Stepping randomly (stuck).
  3149 | D:2      | 3149 ||| Stepping randomly (stuck).
  3151 | D:2      | 3151 ||| Stepping randomly (stuck).
  3152 | D:2      | 3152 ||| Stepping randomly (stuck).
  3154 | D:2      | 3154 ||| Stepping randomly (stuck).
  3156 | D:2      | 3156 ||| Stepping randomly (stuck).
  3158 | D:2      | 3158 ||| Stepping randomly (stuck).
  3159 | D:2      | 3159 ||| Stepping randomly (stuck).
  3161 | D:2      | 3161 ||| Stepping randomly (stuck).
  3163 | D:2      | 3163 ||| Stepping randomly (stuck).
  3164 | D:2      | 3164 ||| Stepping randomly (stuck).
  3165 | D:2      | 3165 ||| Stepping randomly (stuck).
  3167 | D:2      | 3167 ||| Stepping randomly (stuck).
  3169 | D:2      | 3169 ||| Stepping randomly (stuck).
  3170 | D:2      | 3170 ||| Stepping randomly (stuck).
  3172 | D:2      | 3172 ||| Stepping randomly (stuck).
  3174 | D:2      | 3174 ||| Stepping randomly (stuck).
  3176 | D:2      | 3176 ||| Stepping randomly (stuck).
  3178 | D:2      | 3178 ||| Stepping randomly (stuck).
  3179 | D:2      | 3179 ||| Stepping randomly (stuck).
  3180 | D:2      | 3180 ||| Stepping randomly (stuck).
  3182 | D:2      | 3182 ||| Stepping randomly (stuck).
  3184 | D:2      | 3184 ||| Stepping randomly (stuck).
  3186 | D:2      | 3186 ||| Stepping randomly (stuck).
  3188 | D:2      | 3188 ||| Stepping randomly (stuck).
  3190 | D:2      | 3190 ||| Stepping randomly (stuck).
  3192 | D:2      | 3192 ||| Stepping randomly (stuck).
  3194 | D:2      | 3194 ||| Stepping randomly (stuck).
  3196 | D:2      | 3196 ||| Stepping randomly (stuck).
  3197 | D:2      | 3197 ||| Stepping randomly (stuck).
  3199 | D:2      | 3199 ||| Stepping randomly (stuck).
  3201 | D:2      | 3201 ||| Stepping randomly (stuck).
  3203 | D:2      | 3203 ||| Stepping randomly (stuck).
  3205 | D:2      | 3205 ||| Stepping randomly (stuck).
  3206 | D:2      | 3206 ||| Stepping randomly (stuck).
  3207 | D:2      | 3207 ||| Stepping randomly (stuck).
  3208 | D:2      | 3208 ||| Stepping randomly (stuck).
  3210 | D:2      | 3210 ||| Stepping randomly (stuck).
  3212 | D:2      | 3212 ||| Stepping randomly (stuck).
  3214 | D:2      | 3214 ||| Stepping randomly (stuck).
  3215 | D:2      | 3215 ||| Stepping randomly (stuck).
  3217 | D:2      | 3217 ||| Stepping randomly (stuck).
  3219 | D:2      | 3219 ||| Stepping randomly (stuck).
  3220 | D:2      | 3220 ||| Stepping randomly (stuck).
  3221 | D:2      | 3221 ||| Stepping randomly (stuck).
  3223 | D:2      | 3223 ||| Stepping randomly (stuck).
  3225 | D:2      | 3225 ||| Stepping randomly (stuck).
  3226 | D:2      | 3226 ||| Stepping randomly (stuck).
  3227 | D:2      | 3227 ||| Stepping randomly (stuck).
  3228 | D:2      | 3228 ||| Stepping randomly (stuck).
  3230 | D:2      | 3230 ||| Stepping randomly (stuck).
  3231 | D:2      | 3231 ||| Stepping randomly (stuck).
  3233 | D:2      | 3233 ||| Stepping randomly (stuck).
  3234 | D:2      | 3234 ||| Stepping randomly (stuck).
  3235 | D:2      | 3235 ||| Stepping randomly (stuck).
  3237 | D:2      | 3237 ||| Stepping randomly (stuck).
  3239 | D:2      | 3239 ||| Stepping randomly (stuck).
  3241 | D:2      | 3241 ||| Stepping randomly (stuck).
  3243 | D:2      | 3243 ||| Stepping randomly (stuck).
  3245 | D:2      | 3245 ||| Stepping randomly (stuck).
  3247 | D:2      | 3247 ||| Stepping randomly (stuck).
  3249 | D:2      | 3249 ||| Stepping randomly (stuck).
  3250 | D:2      | 3250 ||| Stepping randomly (stuck).
  3252 | D:2      | 3252 ||| Stepping randomly (stuck).
  3253 | D:2      | 3253 ||| Stepping randomly (stuck).
  3255 | D:2      | 3255 ||| Stepping randomly (stuck).
  3257 | D:2      | 3257 ||| Stepping randomly (stuck).
  3258 | D:2      | 3258 ||| Stepping randomly (stuck).
  3259 | D:2      | 3259 ||| Stepping randomly (stuck).
  3261 | D:2      | 3261 ||| Stepping randomly (stuck).
  3263 | D:2      | 3263 ||| Stepping randomly (stuck).
  3264 | D:2      | 3264 ||| Stepping randomly (stuck).
  3265 | D:2      | 3265 ||| Stepping randomly (stuck).
  3267 | D:2      | 3267 ||| Stepping randomly (stuck).
  3268 | D:2      | 3268 ||| Stepping randomly (stuck).
  3270 | D:2      | 3270 ||| Stepping randomly (stuck).
  3272 | D:2      | 3272 ||| Stepping randomly (stuck).
  3274 | D:2      | 3274 ||| Stepping randomly (stuck).
  3275 | D:2      | 3275 ||| Stepping randomly (stuck).
  3276 | D:2      | 3276 ||| Stepping randomly (stuck).
  3278 | D:2      | 3278 ||| Stepping randomly (stuck).
  3280 | D:2      | 3280 ||| Stepping randomly (stuck).
  3281 | D:2      | 3281 ||| Stepping randomly (stuck).
  3283 | D:2      | 3283 ||| Stepping randomly (stuck).
  3284 | D:2      | 3284 ||| Stepping randomly (stuck).
  3286 | D:2      | 3286 ||| Stepping randomly (stuck).
  3288 | D:2      | 3288 ||| Stepping randomly (stuck).
  3290 | D:2      | 3290 ||| Stepping randomly (stuck).
  3292 | D:2      | 3292 ||| Stepping randomly (stuck).
  3293 | D:2      | 3293 ||| Stepping randomly (stuck).
  3295 | D:2      | 3295 ||| Stepping randomly (stuck).
  3297 | D:2      | 3297 ||| Stepping randomly (stuck).
  3299 | D:2      | 3299 ||| Stepping randomly (stuck).
  3300 | D:2      | 3300 ||| Stepping randomly (stuck).
  3302 | D:2      | 3302 ||| Stepping randomly (stuck).
  3303 | D:2      | 3303 ||| Stepping randomly (stuck).
  3304 | D:2      | 3304 ||| Stepping randomly (stuck).
  3306 | D:2      | 3306 ||| Stepping randomly (stuck).
  3308 | D:2      | 3308 ||| Stepping randomly (stuck).
  3310 | D:2      | 3310 ||| Stepping randomly (stuck).
  3311 | D:2      | 3311 ||| Stepping randomly (stuck).
  3313 | D:2      | 3313 ||| Stepping randomly (stuck).
  3314 | D:2      | 3314 ||| Stepping randomly (stuck).
  3316 | D:2      | 3316 ||| Stepping randomly (stuck).
  3317 | D:2      | 3317 ||| Stepping randomly (stuck).
  3319 | D:2      | 3319 ||| Stepping randomly (stuck).
  3320 | D:2      | 3320 ||| Stepping randomly (stuck).
  3321 | D:2      | 3321 ||| Stepping randomly (stuck).
  3322 | D:2      | 3322 ||| Stepping randomly (stuck).
  3323 | D:2      | 3323 ||| Stepping randomly (stuck).
  3324 | D:2      | 3324 ||| Stepping randomly (stuck).
  3325 | D:2      | 3325 ||| Stepping randomly (stuck).
  3326 | D:2      | 3326 ||| Stepping randomly (stuck).
  3328 | D:2      | 3328 ||| Stepping randomly (stuck).
  3329 | D:2      | 3329 ||| Stepping randomly (stuck).
  3331 | D:2      | 3331 ||| Stepping randomly (stuck).
  3333 | D:2      | 3333 ||| Stepping randomly (stuck).
  3334 | D:2      | 3334 ||| Stepping randomly (stuck).
  3336 | D:2      | 3336 ||| Stepping randomly (stuck).
  3338 | D:2      | 3338 ||| Stepping randomly (stuck).
  3340 | D:2      | 3340 ||| Stepping randomly (stuck).
  3342 | D:2      | 3342 ||| Stepping randomly (stuck).
  3344 | D:2      | 3344 ||| Stepping randomly (stuck).
  3346 | D:2      | 3346 ||| Stepping randomly (stuck).
  3347 | D:2      | 3347 ||| Stepping randomly (stuck).
  3349 | D:2      | 3349 ||| Stepping randomly (stuck).
  3350 | D:2      | 3350 ||| Stepping randomly (stuck).
  3351 | D:2      | 3351 ||| Stepping randomly (stuck).
  3352 | D:2      | 3352 ||| Stepping randomly (stuck).
  3354 | D:2      | 3354 ||| Stepping randomly (stuck).
  3356 | D:2      | 3356 ||| Stepping randomly (stuck).
  3358 | D:2      | 3358 ||| Stepping randomly (stuck).
  3359 | D:2      | 3359 ||| Stepping randomly (stuck).
  3361 | D:2      | 3361 ||| Stepping randomly (stuck).
  3362 | D:2      | 3362 ||| Stepping randomly (stuck).
  3364 | D:2      | 3364 ||| Stepping randomly (stuck).
  3366 | D:2      | 3366 ||| Stepping randomly (stuck).
  3367 | D:2      | 3367 ||| Stepping randomly (stuck).
  3369 | D:2      | 3369 ||| Stepping randomly (stuck).
  3371 | D:2      | 3371 ||| Stepping randomly (stuck).
  3373 | D:2      | 3373 ||| Stepping randomly (stuck).
  3374 | D:2      | 3374 ||| Stepping randomly (stuck).
  3376 | D:2      | 3376 ||| Stepping randomly (stuck).
  3378 | D:2      | 3378 ||| Stepping randomly (stuck).
  3380 | D:2      | 3380 ||| Stepping randomly (stuck).
  3382 | D:2      | 3382 ||| Stepping randomly (stuck).
  3384 | D:2      | 3384 ||| Stepping randomly (stuck).
  3386 | D:2      | 3386 ||| Stepping randomly (stuck).
  3387 | D:2      | 3387 ||| Stepping randomly (stuck).
  3389 | D:2      | 3389 ||| Stepping randomly (stuck).
  3391 | D:2      | 3391 ||| Stepping randomly (stuck).
  3393 | D:2      | 3393 ||| Stepping randomly (stuck).
  3394 | D:2      | 3394 ||| Stepping randomly (stuck).
  3396 | D:2      | 3396 ||| Stepping randomly (stuck).
  3397 | D:2      | 3397 ||| Stepping randomly (stuck).
  3398 | D:2      | 3398 ||| Stepping randomly (stuck).
  3400 | D:2      | 3400 ||| Stepping randomly (stuck).
  3401 | D:2      | 3401 ||| Stepping randomly (stuck).
  3402 | D:2      | 3402 ||| Stepping randomly (stuck).
  3403 | D:2      | 3403 ||| Stepping randomly (stuck).
  3404 | D:2      | 3404 ||| Stepping randomly (stuck).
  3405 | D:2      | 3405 ||| Stepping randomly (stuck).
  3407 | D:2      | 3407 ||| Stepping randomly (stuck).
  3408 | D:2      | 3408 ||| Stepping randomly (stuck).
  3410 | D:2      | 3410 ||| Stepping randomly (stuck).
  3412 | D:2      | 3412 ||| Stepping randomly (stuck).
  3414 | D:2      | 3414 ||| Stepping randomly (stuck).
  3415 | D:2      | 3415 ||| Stepping randomly (stuck).
  3417 | D:2      | 3417 ||| Stepping randomly (stuck).
  3419 | D:2      | 3419 ||| Stepping randomly (stuck).
  3421 | D:2      | 3421 ||| Stepping randomly (stuck).
  3423 | D:2      | 3423 ||| Stepping randomly (stuck).
  3425 | D:2      | 3425 ||| Stepping randomly (stuck).
  3426 | D:2      | 3426 ||| Stepping randomly (stuck).
  3428 | D:2      | 3428 ||| Stepping randomly (stuck).
  3430 | D:2      | 3430 ||| Stepping randomly (stuck).
  3432 | D:2      | 3432 ||| Stepping randomly (stuck).
  3434 | D:2      | 3434 ||| Stepping randomly (stuck).
  3436 | D:2      | 3436 ||| Stepping randomly (stuck).
  3437 | D:2      | 3437 ||| Stepping randomly (stuck).
  3438 | D:2      | 3438 ||| Stepping randomly (stuck).
  3440 | D:2      | 3440 ||| Stepping randomly (stuck).
  3442 | D:2      | 3442 ||| Stepping randomly (stuck).
  3443 | D:2      | 3443 ||| Stepping randomly (stuck).
  3445 | D:2      | 3445 ||| Stepping randomly (stuck).
  3446 | D:2      | 3446 ||| Stepping randomly (stuck).
  3447 | D:2      | 3447 ||| Stepping randomly (stuck).
  3449 | D:2      | 3449 ||| Stepping randomly (stuck).
  3450 | D:2      | 3450 ||| Stepping randomly (stuck).
  3451 | D:2      | 3451 ||| Stepping randomly (stuck).
  3452 | D:2      | 3452 ||| Stepping randomly (stuck).
  3453 | D:2      | 3453 ||| Stepping randomly (stuck).
  3455 | D:2      | 3455 ||| Stepping randomly (stuck).
  3456 | D:2      | 3456 ||| Stepping randomly (stuck).
  3458 | D:2      | 3458 ||| Stepping randomly (stuck).
  3460 | D:2      | 3460 ||| Stepping randomly (stuck).
  3462 | D:2      | 3462 ||| Stepping randomly (stuck).
  3463 | D:2      | 3463 ||| Stepping randomly (stuck).
  3465 | D:2      | 3465 ||| Stepping randomly (stuck).
  3467 | D:2      | 3467 ||| Stepping randomly (stuck).
  3469 | D:2      | 3469 ||| Stepping randomly (stuck).
  3471 | D:2      | 3471 ||| Stepping randomly (stuck).
  3473 | D:2      | 3473 ||| Stepping randomly (stuck).
  3474 | D:2      | 3474 ||| Stepping randomly (stuck).
  3475 | D:2      | 3475 ||| Stepping randomly (stuck).
  3476 | D:2      | 3476 ||| Stepping randomly (stuck).
  3478 | D:2      | 3478 ||| Stepping randomly (stuck).
  3480 | D:2      | 3480 ||| Stepping randomly (stuck).
  3481 | D:2      | 3481 ||| Stepping randomly (stuck).
  3482 | D:2      | 3482 ||| Stepping randomly (stuck).
  3483 | D:2      | 3483 ||| Stepping randomly (stuck).
  3485 | D:2      | 3485 ||| Stepping randomly (stuck).
  3487 | D:2      | 3487 ||| Stepping randomly (stuck).
  3488 | D:2      | 3488 ||| Stepping randomly (stuck).
  3489 | D:2      | 3489 ||| Stepping randomly (stuck).
  3490 | D:2      | 3490 ||| Stepping randomly (stuck).
  3492 | D:2      | 3492 ||| Stepping randomly (stuck).
  3494 | D:2      | 3494 ||| Stepping randomly (stuck).
  3496 | D:2      | 3496 ||| Stepping randomly (stuck).
  3497 | D:2      | 3497 ||| Stepping randomly (stuck).
  3499 | D:2      | 3499 ||| Stepping randomly (stuck).
  3500 | D:2      | 3500 ||| Stepping randomly (stuck).
  3501 | D:2      | 3501 ||| Stepping randomly (stuck).
  3503 | D:2      | 3503 ||| Stepping randomly (stuck).
  3504 | D:2      | 3504 ||| Stepping randomly (stuck).
  3506 | D:2      | 3506 ||| Stepping randomly (stuck).
  3507 | D:2      | 3507 ||| Stepping randomly (stuck).
  3508 | D:2      | 3508 ||| Stepping randomly (stuck).
  3509 | D:2      | 3509 ||| Stepping randomly (stuck).
  3511 | D:2      | 3511 ||| Stepping randomly (stuck).
  3513 | D:2      | 3513 ||| Stepping randomly (stuck).
  3514 | D:2      | 3514 ||| Stepping randomly (stuck).
  3516 | D:2      | 3516 ||| Stepping randomly (stuck).
  3518 | D:2      | 3518 ||| Stepping randomly (stuck).
  3520 | D:2      | 3520 ||| Stepping randomly (stuck).
  3521 | D:2      | 3521 ||| Stepping randomly (stuck).
  3522 | D:2      | 3522 ||| Stepping randomly (stuck).
  3523 | D:2      | 3523 ||| Stepping randomly (stuck).
  3525 | D:2      | 3525 ||| Stepping randomly (stuck).
  3526 | D:2      | 3526 ||| Stepping randomly (stuck).
  3528 | D:2      | 3528 ||| Stepping randomly (stuck).
  3530 | D:2      | 3530 ||| Stepping randomly (stuck).
  3531 | D:2      | 3531 ||| Stepping randomly (stuck).
  3533 | D:2      | 3533 ||| Stepping randomly (stuck).
  3534 | D:2      | 3534 ||| Stepping randomly (stuck).
  3536 | D:2      | 3536 ||| Stepping randomly (stuck).
  3538 | D:2      | 3538 ||| Stepping randomly (stuck).
  3539 | D:2      | 3539 ||| Stepping randomly (stuck).
  3541 | D:2      | 3541 ||| Stepping randomly (stuck).
  3542 | D:2      | 3542 ||| Stepping randomly (stuck).
  3544 | D:2      | 3544 ||| Stepping randomly (stuck).
  3545 | D:2      | 3545 ||| Stepping randomly (stuck).
  3547 | D:2      | 3547 ||| Stepping randomly (stuck).
  3549 | D:2      | 3549 ||| Stepping randomly (stuck).
  3551 | D:2      | 3551 ||| Stepping randomly (stuck).
  3552 | D:2      | 3552 ||| Stepping randomly (stuck).
  3554 | D:2      | 3554 ||| Stepping randomly (stuck).
  3556 | D:2      | 3556 ||| Stepping randomly (stuck).
  3558 | D:2      | 3558 ||| Stepping randomly (stuck).
  3560 | D:2      | 3560 ||| Stepping randomly (stuck).
  3562 | D:2      | 3562 ||| Stepping randomly (stuck).
  3563 | D:2      | 3563 ||| Stepping randomly (stuck).
  3564 | D:2      | 3564 ||| Stepping randomly (stuck).
  3566 | D:2      | 3566 ||| Stepping randomly (stuck).
  3568 | D:2      | 3568 ||| Stepping randomly (stuck).
  3570 | D:2      | 3570 ||| Stepping randomly (stuck).
  3571 | D:2      | 3571 ||| Stepping randomly (stuck).
  3572 | D:2      | 3572 ||| Stepping randomly (stuck).
  3573 | D:2      | 3573 ||| Stepping randomly (stuck).
  3575 | D:2      | 3575 ||| Stepping randomly (stuck).
  3576 | D:2      | 3576 ||| Stepping randomly (stuck).
  3578 | D:2      | 3578 ||| Stepping randomly (stuck).
  3579 | D:2      | 3579 ||| Stepping randomly (stuck).
  3581 | D:2      | 3581 ||| Stepping randomly (stuck).
  3582 | D:2      | 3582 ||| Stepping randomly (stuck).
  3584 | D:2      | 3584 ||| Stepping randomly (stuck).
  3585 | D:2      | 3585 ||| Stepping randomly (stuck).
  3587 | D:2      | 3587 ||| Stepping randomly (stuck).
  3589 | D:2      | 3589 ||| Stepping randomly (stuck).
  3591 | D:2      | 3591 ||| Stepping randomly (stuck).
  3593 | D:2      | 3593 ||| Stepping randomly (stuck).
  3595 | D:2      | 3595 ||| Stepping randomly (stuck).
  3596 | D:2      | 3596 ||| Stepping randomly (stuck).
  3598 | D:2      | 3598 ||| Stepping randomly (stuck).
  3600 | D:2      | 3600 ||| Stepping randomly (stuck).
  3601 | D:2      | 3601 ||| Stepping randomly (stuck).
  3602 | D:2      | 3602 ||| Stepping randomly (stuck).
  3603 | D:2      | 3603 ||| Stepping randomly (stuck).
  3604 | D:2      | 3604 ||| Stepping randomly (stuck).
  3606 | D:2      | 3606 ||| Stepping randomly (stuck).
  3607 | D:2      | 3607 ||| Stepping randomly (stuck).
  3609 | D:2      | 3609 ||| Stepping randomly (stuck).
  3611 | D:2      | 3611 ||| Stepping randomly (stuck).
  3613 | D:2      | 3613 ||| Stepping randomly (stuck).
  3614 | D:2      | 3614 ||| Stepping randomly (stuck).
  3615 | D:2      | 3615 ||| Stepping randomly (stuck).
  3617 | D:2      | 3617 ||| Stepping randomly (stuck).
  3619 | D:2      | 3619 ||| Stepping randomly (stuck).
  3620 | D:2      | 3620 ||| Stepping randomly (stuck).
  3621 | D:2      | 3621 ||| Stepping randomly (stuck).
  3623 | D:2      | 3623 ||| Stepping randomly (stuck).
  3624 | D:2      | 3624 ||| Stepping randomly (stuck).
  3625 | D:2      | 3625 ||| Stepping randomly (stuck).
  3627 | D:2      | 3627 ||| Stepping randomly (stuck).
  3628 | D:2      | 3628 ||| Stepping randomly (stuck).
  3630 | D:2      | 3630 ||| Stepping randomly (stuck).
  3631 | D:2      | 3631 ||| Stepping randomly (stuck).
  3633 | D:2      | 3633 ||| Stepping randomly (stuck).
  3635 | D:2      | 3635 ||| Stepping randomly (stuck).
  3637 | D:2      | 3637 ||| Stepping randomly (stuck).
  3639 | D:2      | 3639 ||| Stepping randomly (stuck).
  3641 | D:2      | 3641 ||| Stepping randomly (stuck).
  3642 | D:2      | 3642 ||| Stepping randomly (stuck).
  3643 | D:2      | 3643 ||| Stepping randomly (stuck).
  3645 | D:2      | 3645 ||| Stepping randomly (stuck).
  3647 | D:2      | 3647 ||| Stepping randomly (stuck).
  3648 | D:2      | 3648 ||| Stepping randomly (stuck).
  3650 | D:2      | 3650 ||| Stepping randomly (stuck).
  3652 | D:2      | 3652 ||| Stepping randomly (stuck).
  3653 | D:2      | 3653 ||| Stepping randomly (stuck).
  3655 | D:2      | 3655 ||| Stepping randomly (stuck).
  3656 | D:2      | 3656 ||| Stepping randomly (stuck).
  3657 | D:2      | 3657 ||| Stepping randomly (stuck).
  3658 | D:2      | 3658 ||| Stepping randomly (stuck).
  3660 | D:2      | 3660 ||| Stepping randomly (stuck).
  3662 | D:2      | 3662 ||| Stepping randomly (stuck).
  3664 | D:2      | 3664 ||| Stepping randomly (stuck).
  3666 | D:2      | 3666 ||| Stepping randomly (stuck).
  3667 | D:2      | 3667 ||| Stepping randomly (stuck).
  3669 | D:2      | 3669 ||| Stepping randomly (stuck).
  3670 | D:2      | 3670 ||| Stepping randomly (stuck).
  3671 | D:2      | 3671 ||| Stepping randomly (stuck).
  3672 | D:2      | 3672 ||| Stepping randomly (stuck).
  3674 | D:2      | 3674 ||| Stepping randomly (stuck).
  3675 | D:2      | 3675 ||| Stepping randomly (stuck).
  3677 | D:2      | 3677 ||| Stepping randomly (stuck).
  3678 | D:2      | 3678 ||| Stepping randomly (stuck).
  3680 | D:2      | 3680 ||| Stepping randomly (stuck).
  3681 | D:2      | 3681 ||| Stepping randomly (stuck).
  3682 | D:2      | 3682 ||| Stepping randomly (stuck).
  3684 | D:2      | 3684 ||| Stepping randomly (stuck).
  3686 | D:2      | 3686 ||| Stepping randomly (stuck).
  3687 | D:2      | 3687 ||| Stepping randomly (stuck).
  3689 | D:2      | 3689 ||| Stepping randomly (stuck).
  3691 | D:2      | 3691 ||| Stepping randomly (stuck).
  3693 | D:2      | 3693 ||| Stepping randomly (stuck).
  3694 | D:2      | 3694 ||| Stepping randomly (stuck).
  3695 | D:2      | 3695 ||| Stepping randomly (stuck).
  3697 | D:2      | 3697 ||| Stepping randomly (stuck).
  3699 | D:2      | 3699 ||| Stepping randomly (stuck).
  3701 | D:2      | 3701 ||| Stepping randomly (stuck).
  3703 | D:2      | 3703 ||| Stepping randomly (stuck).
  3705 | D:2      | 3705 ||| Stepping randomly (stuck).
  3707 | D:2      | 3707 ||| Stepping randomly (stuck).
  3709 | D:2      | 3709 ||| Stepping randomly (stuck).
  3711 | D:2      | 3711 ||| Stepping randomly (stuck).
  3712 | D:2      | 3712 ||| Stepping randomly (stuck).
  3714 | D:2      | 3714 ||| Stepping randomly (stuck).
  3715 | D:2      | 3715 ||| Stepping randomly (stuck).
  3716 | D:2      | 3716 ||| Stepping randomly (stuck).
  3718 | D:2      | 3718 ||| Stepping randomly (stuck).
  3719 | D:2      | 3719 ||| Stepping randomly (stuck).
  3721 | D:2      | 3721 ||| Stepping randomly (stuck).
  3723 | D:2      | 3723 ||| Stepping randomly (stuck).
  3725 | D:2      | 3725 ||| Stepping randomly (stuck).
  3727 | D:2      | 3727 ||| Stepping randomly (stuck).
  3728 | D:2      | 3728 ||| Stepping randomly (stuck).
  3730 | D:2      | 3730 ||| Stepping randomly (stuck).
  3732 | D:2      | 3732 ||| Stepping randomly (stuck).
  3733 | D:2      | 3733 ||| Stepping randomly (stuck).
  3735 | D:2      | 3735 ||| Stepping randomly (stuck).
  3736 | D:2      | 3736 ||| Stepping randomly (stuck).
  3737 | D:2      | 3737 ||| Stepping randomly (stuck).
  3739 | D:2      | 3739 ||| Stepping randomly (stuck).
  3740 | D:2      | Quit the game

Levels and vault maps discovered:
D:1:      mainiacjoe_arrival_reflecting_pool, layout_basic,
          ebering_ecumenical_altar_box
D:2:      cheibrodos_fertilizer, layout_basic, minmay_octomino_j4,
          uniq_crazy_yiuf_cottage

Skill      XL: |  1  2  3  4  5 |
---------------+----------------+-----
Axes           | 2 3 4 5 |  5.3
Fighting       | 4 |  4.0
Armour         | |  3.2
Dodging        | |  0.3
Shields        | |  3.2

Action                     |  1- 3 |  4- 6 || total
---------------------------+-------+-------++-------
  Melee: War axe           |    80 |    95 ||   175
  Throw: Boomerang         |    23 |    29 ||    52
    Use: Scroll            |     1 |     3 ||     4
         Potion            |       |     1 ||     1
 Armour: Scale mail        |    40 |    56 ||    96
         Plate armour      |       |     2 ||     2
  Dodge: Dodged            |    26 |    42 ||    68
  Block: Buckler           |    10 |    25 ||    35

Table legend:
 A = Non-vault XP
 B = Vault XP
 C = Vault XP percentage of total XP
 D = Non-vault monster count
 E = Vault monster count
 F = Vault count percentage of total count
                 A         B        C        D         E       F
            +---------+---------+-------+---------+---------+-------
      Total |     164 |     201 |  55.1 |      44 |      26 |  37.1
            +---------+---------+-------+---------+---------+-------
        D:1 |      27 |       0 |   0.0 |      17 |       0 |   0.0
        D:2 |     137 |     201 |  59.5 |      27 |      26 |  49.1
            +---------+---------+-------+---------+---------+-------
